 Dungeon Crawl Stone Soup version 0.21-a0-264-g3e31e41 (webtiles) character file.

163 sagitran the Gusty (level 5, 0/29 HPs)
             Began as a Tengu Air Elementalist on Sept 8, 2017.
             Killed by their own static electricity (2 damage)
             ... on level 4 of the Dungeon.
             The game lasted 00:18:21 (2607 turns).

sagitran the Gusty (Tengu Air Elementalist)         Turns: 2607, Time: 00:18:23

Health: 0/29       AC:  2    Str: 11      XL:     5   Next: 44%
Magic:  4/9        EV: 13    Int: 13 (16) God:
Gold:   170        SH:  0    Dex: 15      Spells: 4/8 levels left

rFire    . . .     SeeInvis .   s - +2 short sword (speed)
rCold    . . .     Gourm    .   (no shield)
rNeg     . . .     Faith    .   a - +0 robe
rPois    .         Spirit   .   (helmet restricted)
rElec    .         Reflect  .   (no cloak)
rCorr    .         Harm     .   (no gloves)
MR       .....                  (boots unavailable)
Stlth    ++........             (no amulet)
HPRegen  0.09/turn              p - +3 ring of strength
MPRegen  0.11/turn              (no ring)

@: no status effects
A: beak, talons 3, able to fly 1
a: Fly


You were on level 4 of the Dungeon.
You were not hungry.

You visited 1 branch of the dungeon, and saw 5 of its levels.

You collected 170 gold pieces.

Inventory:

Hand Weapons
 k - a +2 mace of protection
 s - a +2 short sword of speed (weapon)
 u - a cursed +0 blowgun
Missiles
 m - 6 tomahawks (quivered)
 v - 6 curare-tipped needles
Armour
 a - a +0 robe (worn)
Jewellery
 n - an uncursed ring of resist corrosion {unknown}
 p - a +3 ring of strength (left hand)
Wands
 f - a wand of enslavement (15/24)
Scrolls
 d - a scroll of blinking {unknown}
 e - 2 scrolls of remove curse {unknown}
 i - 2 scrolls of teleportation {unknown}
 j - a scroll of fear {unknown}
 o - 3 scrolls of identify {unknown}
 q - a scroll of recharging {unknown}
 r - a scroll of enchant weapon {unknown}
Potions
 l - a potion of degeneration
Books
 b - a book of Air

   Spells                             Type                      Level
   a - Shock                          Conjuration/Air              1
   b - Swiftness                      Charms/Air                   2
   c - Static Discharge               Conjuration/Air              3
   d - Airstrike                      Air                          4
   e - Lightning Bolt                 Conjuration/Air              5
Comestibles
 c - 2 bread rations
 g - a royal jelly
 h - 3 meat rations
 t - 7 chunks of flesh


   Skills:
 + Level 1.0 Fighting
 + Level 1.5 Short Blades
 + Level 1.6 Maces & Flails
 + Level 0.6 Throwing
 + Level 3.1 Dodging
 + Level 2.5 Stealth
 + Level 2.3 Spellcasting
 + Level 1.8 Conjurations
 + Level 5.2 Air Magic


You had 4 spell levels left.
You knew the following spells:

 Your Spells              Type           Power        Failure   Level  Hunger
a - Shock                 Conj/Air       ##..         6%          1    #......
b - Static Discharge      Conj/Air       ##......     17%         3    ###....


Dungeon Overview and Level Annotations

Branches:
Dungeon (5/15)
 Temple: D:4-7

Altars:


Innate Abilities, Weirdness & Mutations

You have a beak for a mouth.
You have claws for feet.
You can fly.


Message History

Found a stone staircase leading down.
There is an open door here.
The adder bites you. The adder bites you but does no damage.
You barely miss the adder. The adder bites you.
* * * LOW HITPOINT WARNING * * *
You hit the adder. You claw the adder.
The adder is heavily wounded.
Okay, then.
The adder bites you.
* * * LOW HITPOINT WARNING * * *
There is an open door here.
Quiver which item? (- for none, * to show all) (? for menu, Esc to quit)
Okay, then.
Okay, then.
Casting: Shock
Confirm with . or Enter, or press ? or * to list all spells.
The adder is struck by lightning.
You kill the adder!
The lightning arcs!
You are struck by lightning.
You die...

##############<...#..
#...>...#......#####.
#.⌠...⌠.#..##### #..
#.......##.# ######.#
#.⌠...⌠.##.###......#
#.......#..#...######
#.⌠...⌠.#....### ## .
#..J†...#....### ##.
..####@####......####..
#..........#....#....#.#
...........#########....
##.......### #.........
##......# ###.......##
######.####.........#
#........#.......#
#.<..#####.......#
#...## #.......#


You could see an ooze.

Vanquished Creatures
  A hound (D:4)
  An orc wizard (D:3)
  4 adders
  A worm (D:4)
  A dart slug (D:1)
  3 orcs (D:3)
  7 bats
  2 giant cockroaches
  7 goblins
  9 hobgoblins
  2 jackals (D:1)
  9 kobolds
  A quokka (D:2)
  2 ball pythons (D:3)
  5 frilled lizards
  9 rats
64 creatures vanquished.

Notes
Turn   | Place    | Note
-------+----------+-------------------------------------------
     0 | D:1      | sagitran the Tengu Air Elementalist began the quest for the Orb.
     0 | D:1      | Reached XP level 1. HP: 10/10 MP: 4/4
   146 | D:1      | Reached XP level 2. HP: 6/15 MP: 0/6
   531 | D:1      | Reached XP level 3. HP: 5/19 MP: 3/7
   867 | D:1      | Reached skill level 5 in Air Magic
  1111 | D:2      | Learned a level 3 spell: Static Discharge
  1456 | D:3      | Reached XP level 4. HP: 16/24 MP: 8/8
  1950 | D:3      | Reached skill level 1 in Maces & Flails
  2078 | D:3      | Found a faded altar of an unknown god.
  2107 | D:5      | Entered Level 5 of the Dungeon
  2500 | D:4      | Reached skill level 1 in Short Blades
  2513 | D:4      | Reached skill level 1 in Fighting
  2513 | D:4      | Gained mutation: You can fly. [Tengu growth]
  2513 | D:4      | Reached XP level 5. HP: 29/29 MP: 0/9
  2607 | D:4      | Killed from afar by themself

Vault maps used:
D:1:      minmay_arrival_plants_in_alcoves
D:2:      cheibrodos_helix_gallery, serial_glass, glass_columns_b,
          glass_columns_c
D:3:      chequers_ecumenical_altar_simple, first_bread
D:4:      grunt_ministairs_3
D:5:      minmay_holes, minmay_misc_feat_iff

Skill      XL: |  1  2  3  4  5 |
---------------+----------------+-----
Air Magic      | 5 |  5.2
Maces & Flails | 1 |  1.6
Short Blades   | 1 |  1.5
Fighting       | 1 |  1.0
Dodging        | 3 |  3.1
Throwing       | |  0.6
Stealth        | |  2.5
Spellcasting   | |  2.3
Conjurations   | |  1.8

Action                   |  1- 3 |  4- 6 || total
-------------------------+-------+-------++-------
Melee: Unarmed           |     5 |       ||     5
       Peck              |     6 |     3 ||     9
       Kick              |     9 |     7 ||    16
       Short sword       |    16 |    44 ||    60
       Mace              |    20 |     1 ||    21
Throw: Tomahawk          |       |    10 ||    10
 Cast: Shock             |    45 |    13 ||    58
       Static Discharge  |     1 |       ||     1
  Use: Potion            |     1 |     4 ||     5
 Stab: Distracted        |       |     1 ||     1
  Eat: Chunk             |     2 |       ||     2
       Bread ration      |     1 |       ||     1
Armor: Robe              |    20 |     6 ||    26
       Skin              |       |    28 ||    28
Dodge: Dodged            |    63 |    24 ||    87

Table legend:
 A = Spawn XP
 B = Non-spawn XP
 C = Spawn XP percentage of total XP
 D = Spawn monster count
 E = Non-spawn monster count
 F = Spawn count percentage of total count
 G = Total turns spent on level
                    A         B        C        D         E        F      G
               +---------+---------+-------+---------+---------+-------+---------
         Total |       0 |     233 |   0.0 |       0 |      64 |   0.0 |  2607
               +---------+---------+-------+---------+---------+-------+---------
           D:1 |       0 |      57 |   0.0 |       0 |      26 |   0.0 |   889
           D:2 |       0 |      24 |   0.0 |       0 |      15 |   0.0 |   645
           D:3 |       0 |      75 |   0.0 |       0 |      17 |   0.0 |   926
           D:4 |       0 |      77 |   0.0 |       0 |       6 |   0.0 |   141
               +---------+---------+-------+---------+---------+-------+---------
